 Dungeon Crawl Stone Soup version 0.24.1-8-ga250c9d538 (webtiles) character file.

Game seed: 3023420073479079461, levelgen mode: deterministic

67 Hugehornet the Insei (level 3, -2/28 HPs)
             Began as a Demigod Transmuter on Apr 28, 2020.
             Shot with an arrow by a centaur (15 damage)
             ... on level 2 of the Dungeon.
             The game lasted 00:05:07 (1818 turns).

Hugehornet the Insei (Demigod Transmuter)           Turns: 1818, Time: 00:05:07

Health: -2/28      AC:  2    Str: 13    XL:     3   Next: 70%
Magic:  8/9        EV: 13    Int: 19    God:
Gold:   60         SH:  0    Dex: 16    Spells: 2/6 levels left

rFire    . . .     SeeInvis .     - Unarmed
rCold    . . .     Gourm    .   (no shield)
rNeg     . . .     Faith    .   b - +0 robe
rPois    +         Spirit   .   (no helmet)
rElec    .         Reflect  .   (no cloak)
rCorr    .         Harm     .   (no gloves)
MR       .....                  (no boots)
Stlth    ++........             (no amulet)
HPRegen  0.09/turn              e - ring of stealth
MPRegen  0.11/turn              h - ring of poison resistance

@: appendage (expiring)
A: horns 2, high mp 1
a: End Transformation


You were on level 2 of the Dungeon.
You were not hungry.
You had grown temporary horns.
You visited 1 branch of the dungeon, and saw 2 of its levels.

You collected 60 gold pieces.

Inventory:

Missiles
 a - 32 arrows
Armour
 b - a +0 robe (worn)
 i - a scarf of spirit shield
Jewellery
 e - a ring of stealth (left hand)
 h - a ring of poison resistance (right hand)
Scrolls
 f - a scroll of identify {unknown}
 j - 2 scrolls of teleportation {unknown}
Potions
 c - 3 potions of curing {unknown}
 g - a potion of brilliance {unknown}
 k - a potion of haste {unknown}
Comestibles
 d - 5 rations


   Skills:
 + Level 1.3 Fighting
 + Level 2.1 Dodging
 + Level 2.9 Unarmed Combat
 * Level 2.4 Spellcasting
 * Level 2.5 Transmutations
 + Level 0.3 Poison Magic


You had 2 spell levels left.
You knew the following spells:

 Your Spells              Type           Power        Failure   Level  Hunger
a - Beastly Appendage     Tmut           ##....       5%          1    #......
b - Spider Form           Tmut/Pois      #.........   26%         3    ###....

Your spell library contained the following spells:

 Spells                   Type           Power        Failure   Level  Hunger
 Sticks to Snakes         Tmut           ##......     9%          2    ##.....
 Ice Form                 Ice/Tmut       #.......     67%         4    #####..
 Blade Hands              Tmut           ##........   83%         5    ######.


Dungeon Overview and Level Annotations

Branches:
Dungeon (2/15)


Innate Abilities, Weirdness & Mutations

You have an increased reservoir of magic. (+10% MP)
You have a pair of horns on your head.


Message History

A kobold comes into view.
The kobold shouts!
You hear a shout!
A bat comes into view.
The bat completely misses you. The bat barely misses you.
You completely miss the bat. The bat closely misses you. The bat hits you.
The bat closely misses you. The bat barely misses you.
The bat hits you but does no damage. The bat misses you.
The bat barely misses you.
A centaur comes into view.
The centaur shouts!
You hear a shout!
The bat hits you but does no damage.
The centaur wields a +0 shortbow.
The centaur shoots an arrow.
The arrow hits you!
Ouch! That really hurt!
The bat barely misses you.
You hear a bark!
You see here an arrow.
Your transformation is almost over.
The centaur shoots an arrow.
The arrow hits you!
Ouch! That really hurt!
You die...

.............#.###...#####......#
...#########...# #...# #......#
##.# . #...# #...# #......# #.#
#.#...####### #......# ##.#.#
#...........#####.#+#### ......
................)....>#### ##.#..
......#.......#####....... #.#
########.###.#######...... #..
.......@bb.......+...... ###
#######.##.#######...... ........
#...... ###..#K### ####'#< #..#.#
.#####.## #....# #.........
#c...# ######.... #..... +....
#....


You could see a centaur and 2 bats.

Vanquished Creatures
  Natasha (D:2)
  An adder (D:2)
  2 dart slugs
  2 leopard geckos (D:1)
  5 bats
  2 giant cockroaches (D:1)
  A goblin (D:1)
  6 hobgoblins (D:1)
  A quokka (D:2)
  A frilled lizard (D:1)
  2 kobolds (D:1)
  3 rats (D:1)
27 creatures vanquished.

Notes
Turn   | Place    | Note
-------+----------+-------------------------------------------
     0 | D:1      | Hugehornet the Demigod Transmuter began the quest for the
                  | Orb.
     0 | D:1      | Reached XP level 1. HP: 15/15 MP: 5/5
    43 | D:1      | Reached skill level 1 in Fighting
   148 | D:1      | Reached XP level 2. HP: 16/23 MP: 5/7
  1218 | D:2      | Found a radiant altar of Vehumet.
  1321 | D:2      | Reached XP level 3. HP: 18/28 MP: 7/9
  1343 | D:2      | Learned a level 3 spell: Spider Form
  1427 | D:2      | Noticed Natasha
  1440 | D:2      | Killed Natasha
  1817 | D:2      | Noticed a centaur
  1818 | D:2      | Shot with an arrow by a centaur

Levels and vault maps discovered:
D:1:      onia_arrival_pyramid, layout_basic
D:2:      layout_basic, nicolae_overflow_hidden_temple, uniq_natasha

Skill      XL: |  1  2 |
---------------+-------+-----
Fighting       | 1 |  1.3
Transmutations | 2 |  2.5
Spellcasting   | 2 |  2.4
Dodging        | 2 |  2.1
Unarmed Combat | |  2.9
Poison Magic   | |  0.3

Action                   || total
-------------------------++-------
Melee: Unarmed           ||    79
       Kick              ||     9
       Headbutt          ||     7
       Punch             ||     3
 Cast: Beastly Appendage ||    22
 Stab: Sleeping          ||     4
  Eat: Chunk             ||     3
Armor: Robe              ||    12
Dodge: Dodged            ||    76
